AoeStats
← ska_18

Pilgrims

509346042Analyzed
3v3 RM · 4d ago on Sep 26, 2026· 70m 2s· 6 players
Game mode
Random Map
Map size
Normal (6 player)
Population
200
Speed
Normal
Resources
Standard
Victory
Conquest
Starting age
Dark Age
Ending age
Imperial Age
RankedLock teamsTeams togetherTeam positionsShared explorationLock speedFull tech treeHidden civsTurbo modeCheats
Victory
Defeat
🇫🇷 Chinese · France
910
+18
🇬🇧 Franks · United Kingdom
895
+19
🇦🇹 Saracens · Austria
884
+19
🇺🇸 Jurchens · United States
991
-20
🇬🇧 Ethiopians · United Kingdom
936
-18
🇵🇰 Chinese · Pakistan
936
-18
Gosu
12:35 Feudal Age
13:02 Double-Bit Axe
17:21 Fishing Lines
20:29 Castle Age
19:01 Gold Mining
19:04 Stone Mining
21:38 Medium Warships
21:57 Bow Saw
24:18 Gillnets
25:05 Thumb Ring
26:47 Wheelbarrow
25:57 Loom
26:36 Fletching
26:47 Padded Archer Armor
30:51 Imperial Age
28:37 Hand Cart
28:26 Bodkin Arrow
30:01 Leather Archer Armor
30:14 Ballistics
35:06 Heated Shot
36:16 Chemistry
35:28 Clinker Construction
35:28 Careening
36:33 Two-Man Saw
37:53 Conscription
39:04 Heavy Warships
39:04 Shipwright
39:06 Bombard Tower
38:32 Horse Collar
38:55 Bracer
41:47 Ring Archer Armor
41:27 Forging
41:18 Scale Mail Armor
41:21 Heavy Plow
43:23 Dry Dock
42:50 Arrowslits
43:16 Masonry
45:02 Rocketry
44:10 Elite Skirmisher
44:57 Town Watch
45:43 Chain Mail Armor
46:03 Iron Casting
46:16 Pikeman
46:56 Squires
47:32 Plate Mail Armor
49:12 Architecture
48:37 Murder Holes
48:49 Siphons
48:34 Guard Tower
48:55 Fortified Wall
49:48 Blast Furnace
48:54 Scale Barding Armor
48:57 Caravan
50:05 Halberdier
54:24 Heavy Rocket Cart
57:19 Capped Ram
65:06 Fervor
64:47 Arson
64:22 Man-at-Arms
65:48 Keep
67:36 Siege Ram
67:38 Heavy Scorpion
DOOF
4:44 Loom
12:38 Feudal Age
14:53 Wheelbarrow
14:13 Gold Mining
14:33 Stone Mining
20:36 Castle Age
23:46 Double-Bit Axe
32:08 Imperial Age
30:02 Scale Barding Armor
30:07 Forging
32:17 Iron Casting
34:20 Cavalier
39:35 Husbandry
39:43 Onager
41:16 Chain Barding Armor
42:41 Paladin
45:35 Chivalry
46:47 Plate Barding Armor
47:12 Blast Furnace
56:28 Treadmill Crane
58:12 Hand Cart
57:43 Town Watch
58:32 Murder Holes
58:57 Ballistics
59:38 Chemistry
58:06 Pikeman
59:41 Gold Shaft Mining
65:09 Town Patrol
ska_18
Hannaconda71
3:52 Loom
12:00 Feudal Age
17:08 Castle Age
15:17 Double-Bit Axe
17:34 Horse Collar
19:08 Wheelbarrow
18:37 Stone Mining
18:34 Fishing Lines
20:05 Pikeman
30:10 Imperial Age
30:37 Fletching
33:43 Halberdier
34:09 Gambesons
34:25 Squires
37:26 Heavy Scorpion
53:00 Scale Mail Armor
52:56 Bodkin Arrow
60:16 Bow Saw
62:14 Chain Mail Armor
62:00 Bracer
idontknow6525
12:21 Feudal Age
13:16 Double-Bit Axe
17:42 Castle Age
19:41 Wheelbarrow
19:22 Bow Saw
22:46 Loom
24:09 Fletching
24:06 Horse Collar
25:15 Stone Mining
26:10 Hand Cart
26:27 Heavy Plow
29:39 Gold Mining
30:08 Thumb Ring
30:14 Bodkin Arrow
30:20 Padded Archer Armor
30:15 Town Watch
31:59 Town Patrol
36:27 Imperial Age
35:26 Elite Skirmisher
38:30 Thumb Ring
38:45 Leather Archer Armor
38:30 Bracer
37:59 Crossbowman
39:16 Arbalester
41:21 Ring Archer Armor
43:05 Conscription
44:58 Ballistics
45:00 Heavy Camel Rider
45:59 Scale Barding Armor
49:32 Forging
52:46 Gold Shaft Mining
52:50 Stone Shaft Mining
54:22 Chain Barding Armor
54:38 Iron Casting
59:01 Scale Mail Armor
60:17 Halberdier
64:18 Fortified Wall
zainkb
11:24 Loom
15:31 Feudal Age
17:32 Double-Bit Axe
17:40 Horse Collar
20:16 Castle Age
20:52 Wheelbarrow
23:54 Hand Cart
27:16 Heavy Plow
27:30 Bow Saw
27:12 Stone Mining
27:12 Gold Mining
33:32 Imperial Age
31:30 Fletching
38:43 Conscription
38:44 Rocketry
41:16 Elite Chu Ko Nu
42:07 Heavy Rocket Cart
44:41 Forging
44:36 Scale Barding Armor
44:31 Padded Archer Armor
44:27 Bodkin Arrow
47:12 Ballistics
47:19 Leather Archer Armor
47:40 Iron Casting
47:25 Chain Barding Armor
47:09 Capped Ram
55:27 Siege Ram
65:44 Bloodlines
65:36 Husbandry
66:30 Light Cavalry
Connection lost

Rejoining the realm…

Still unreachable

The connection could not be restored.

Session expired

The server has moved on; the page needs a fresh start.